 Dungeon Crawl Stone Soup version 0.24.0-125-gc4c63601f3 (webtiles) character file.

Game seed: 8371736398459636293, levelgen mode: deterministic

320 MsStandart the Cudgeler (level 6, -2/84 HPs)
             Began as a Minotaur Berserker on Feb 19, 2020.
             Was a Believer of Trog.
             Slain by Sigmund
             ... wielding a +0 scythe
              (7 damage)
             ... on level 4 of the Dungeon on Feb 20, 2020.
             The game lasted 00:24:07 (3353 turns).

MsStandart the Cudgeler (Minotaur Berserker)        Turns: 3353, Time: 00:24:07

Health: -2/84      AC:  2    Str: 28    XL:     6   Next: 22%
Magic:  5/5        EV: 12    Int:  4    God:    Trog [**....]
Gold:   268        SH:  4    Dex: 10    Spells: 5/5 levels left

rFire    . . .     SeeInvis .   a - +0 mace
rCold    + . .     Gourm    .   (no shield)
rNeg     . . .     Faith    .   h - +0 robe
rPois    .         Spirit   .   (helmet restricted)
rElec    .         Reflect  +   (no cloak)
rCorr    .         Harm     .   (no gloves)
MR       .....                  (no boots)
Stlth    ..........             d - +4 amulet of reflection
HPRegen  0.24/turn              q - ring of protection from cold
MPRegen  0.09/turn              (no ring)

@: berserking, very quick
A: retaliatory headbutt, horns 2
a: Berserk, Trog's Hand, Renounce Religion


You were on level 4 of the Dungeon.
You worshipped Trog.
Trog was pleased with you.
You were not hungry.

You visited 1 branch of the dungeon, and saw 4 of its levels.

You collected 268 gold pieces.

Inventory:

Hand Weapons
 a - a +0 mace (weapon)
 s - a +2 scimitar of pain
Missiles
 j - 140 stones
 k - 2 silver boomerangs (quivered)
Armour
 b - a +0 animal skin
 g - a +0 scale mail
 h - a +0 robe (worn)
Jewellery
 d - a +4 amulet of reflection (around neck)
 q - a ring of protection from cold (left hand)
Wands
 r - a wand of paralysis (7)
Scrolls
 o - 6 scrolls of teleportation
Potions
 e - 2 potions of heal wounds
 f - a potion of resistance {unknown}
 i - a potion of lignification {unknown}
 l - 2 potions of curing {unknown}
 m - a potion of berserk rage
 n - a potion of ambrosia {unknown}
 p - 2 potions of agility {unknown}
Comestibles
 c - 7 rations


   Skills:
 + Level 5.6 Fighting
 + Level 6.4 Maces & Flails
 + Level 2.4 Throwing
 - Level 2.4 Armour
 - Level 2.1 Dodging
 - Level 0.1 Stealth


You had 5 spell levels left.
You didn't know any spells.
Your spell library contained the following spells:

 Spells                   Type           Power        Failure   Level  Hunger
 Confusing Touch          Hex            #.....       50%         1    ##.....
 Flame Tongue             Conj/Fire      #....        50%         1    ##.....
 Throw Flame              Conj/Fire      #.....       65%         2    ###....
 Confuse                  Hex            #.......     86%         3    ####...
 Conjure Flame            Conj/Fire      #.......     86%         3    ####...
 Gell's Gravitas          Tloc           #.........   86%         3    ####...
 Inner Flame              Hex/Fire       #.......     86%         3    ####...
 Petrify                  Tmut/Erth      #.......     99%         4    #####..
 Sticky Flame             Conj/Fire      #.......     99%         4    #####..
 Fireball                 Conj/Fire      #.........   100%        5    ######.
 Metabolic Englaciation   Hex/Ice        #.........   100%        5    ######.
 Yara's Violent Unravell  Hex/Tmut       #.........   100%        5    ######.


Dungeon Overview and Level Annotations

Branches:
Dungeon (4/15)
 Temple: D:4-7

Altars:

Annotations:
D:4 Sigmund


Innate Abilities, Weirdness & Mutations

You reflexively headbutt those who attack you in melee.
You have a pair of horns on your head.


Message History

You miss something. Your headbutt misses something.
A jackal comes into view.
You hear some strange, mumbled words.
A puff of flame appears from out of thin air!
The puff of flame hits you! Something hits you.
A red film seems to cover your vision as you go berserk!
You feel yourself moving faster!
You feel mighty!
You feel a lot more hungry.
The jackal barks!
You hear a bark!
You miss something. Something hits you!
* * * LOW HITPOINT WARNING * * *
You miss something. You thump something! Your headbutt misses something.
You miss something. Something hits you!
* * * LOW HITPOINT WARNING * * *
The jackal closely misses you.
You are too berserk!
You closely miss something. Your headbutt misses something.
The jackal bites you but does no damage.
You closely miss something. Your headbutt misses something. Something hits you!
You die...

......<..........
.....#.#......... ..
.....##.........##..
.....###.######.#...
......#..#.###...>
.............##.#
.##..##...#.....##
.#........##..#h.#
.##.##.#..##.###@# .
...##.....##.{#....
#..#.......†........
#........†........?.
................[...
..................>.
=...#...#.$........[
?...#...............
#†...............


You could see a jackal.

Vanquished Creatures
  A phantom (D:3)
  A scorpion (D:4)
  2 worker ants
  7 adders
  An ooze (D:2)
  2 worms (D:2)
  A dart slug (D:2)
  4 leopard geckos
  4 bats
  3 giant cockroaches (D:3)
  9 goblins
  6 hobgoblins
  6 jackals
  A quokka (D:2)
  A ball python (D:3)
  4 frilled lizards
  6 kobolds
  6 rats
65 creatures vanquished.

Notes
Turn   | Place    | Note
-------+----------+-------------------------------------------
     0 | D:1      | MsStandart the Minotaur Berserker began the quest for the
                  | Orb.
     0 | D:1      | Reached XP level 1. HP: 19/19 MP: 0/0
   447 | D:1      | Reached skill level 4 in Maces & Flails
   490 | D:1      | Reached XP level 2. HP: 25/27 MP: 1/1
  1139 | D:2      | Reached XP level 3. HP: 22/33 MP: 2/2
  1511 | D:2      | Reached ** piety under Trog
  1514 | D:2      | Reached XP level 4. HP: 34/41 MP: 3/3
  1644 | D:2      | Reached skill level 5 in Maces & Flails
  1755 | D:2      | Reached skill level 5 in Fighting
  2048 | D:3      | Found a faded altar of an unknown god.
  2204 | D:3      | Reached skill level 1 in Throwing
  2214 | D:3      | Reached XP level 5. HP: 41/48 MP: 4/4
  2922 | D:4      | Noticed a phantom
  3064 | D:3      | Killed a phantom
  3064 | D:3      | Reached skill level 6 in Maces & Flails
  3064 | D:3      | Reached XP level 6. HP: 20/56 MP: 5/5
  3327 | D:4      | Noticed Sigmund
  3353 | D:4      | Slain by Sigmund

Levels and vault maps discovered:
D:1:      lightli_iron_boxes, layout_basic
D:2:      layout_rooms
D:3:      minmay_evil_eye, layout_loops_ring,
          chequers_ecumenical_altar_simple_redux
D:4:      cheibrodos_greedy_goblins, layout_cave_pools, kiku_gazebo_pond_becter,
          uniq_sigmund, uniq_robin

Skill      XL: |  1  2  3  4  5 |
---------------+----------------+-----
Maces & Flails | 4 5 6 |  6.4
Fighting       | 4 5 |  5.6
Throwing       | 1 2 |  2.4
Armour         | |  2.4
Dodging        | |  2.1
Stealth        | |  0.1

Action                   |  1- 3 |  4- 6 || total
-------------------------+-------+-------++-------
Melee: Mace              |    47 |    68 ||   115
       Headbutt          |     6 |    13 ||    19
Throw: Boomerang         |     9 |    27 ||    36
Invok: Berserk           |       |     2 ||     2
       Trog's Hand       |       |     1 ||     1
  Use: Scroll            |     4 |     4 ||     8
  Eat: Ration            |     1 |     1 ||     2
       Chunk             |       |     3 ||     3
Armor: Animal skin       |     1 |       ||     1
       Robe              |     3 |    11 ||    14
Dodge: Dodged            |    31 |    34 ||    65
Block: Other             |     3 |     8 ||    11
